 Dungeon Crawl Stone Soup version 0.22.0-13-g43fe8f2 (webtiles) character file.

3222 sking99 the Grappler (level 10, -7/79 HPs)
             Began as a Formicid Transmuter on Aug 16, 2018.
             Was an Initiate of Gozag.
             Mangled by a death yak (22 damage)
             ... on level 7 of the Dungeon.
             The game lasted 00:20:40 (11215 turns).

sking99 the Grappler (Formicid Transmuter)         Turns: 11215, Time: 00:20:41

Health: -7/79      AC:  7    Str: 15    XL:     10   Next: 18%
Magic:  13/13      EV: 17    Int: 16    God:    Gozag
Gold:   267        SH: 17    Dex: 16    Spells: 7/13 levels left

rFire    + + .     SeeInvis +     - Unarmed
rCold    + . .     Gourm    .   m - +2 large shield
rNeg     . . .     Faith    .   A - +2 ring mail {rF+}
rPois    +         Spirit   .   (helmet unavailable)
rElec    +         Reflect  .   (no cloak)
rCorr    +         Harm     .   (no gloves)
MR       +....                  (no boots)
Stlth    ++........             (no amulet)
HPRegen  0.23/turn              q - ring of flight
MPRegen  0.13/turn              (no ring)

@: agile, resistant, very slightly contaminated, invisible
A: permanent stasis, dig shafts and tunnels, four strong arms, antennae 3
a: Dig, Shaft Self, Potion Petition, Call Merchant, Bribe Branch, Renounce
Religion, Evoke Flight


You were on level 7 of the Dungeon.
You worshipped Gozag.
Gozag was aware of your devotion.
You were hungry.

You visited 1 branch of the dungeon, and saw 8 of its levels.

You collected 1179 gold pieces.
You spent 300 gold pieces at shops.
You paid 612 gold pieces to Gozag.

Inventory:

Missiles
 a - 123 arrows (quivered)
Armour
 b - a +1 robe
 m - a +2 large shield (worn)
 A - a +2 ring mail of fire resistance (worn)
Jewellery
 q - a ring of flight (left hand)
Wands
 g - a wand of enslavement (44)
 x - a wand of flame (25)
 y - a wand of polymorph (16)
Scrolls
 e - 2 scrolls of remove curse
 f - 4 scrolls of enchant armour
 i - a scroll of fog {unknown}
 k - a scroll of noise
 l - 4 scrolls of fear
 o - a scroll of enchant weapon
 r - 4 scrolls of magic mapping {unknown}
 u - 3 scrolls of identify
 w - a scroll of vulnerability {unknown}
Potions
 c - 2 potions of brilliance {unknown}
 h - 8 potions of curing
 j - 2 potions of flight
 n - a potion of lignification
 p - a potion of degeneration {unknown}
 s - 2 potions of mutation
 t - a potion of ambrosia
 v - 2 potions of heal wounds {unknown}
 z - 3 potions of invisibility {unknown}
Comestibles
 d - 6 rations


   Skills:
 - Level 7.0 Fighting
 + Level 6.1 Dodging
 * Level 7.1 Shields
 - Level 8.0 Unarmed Combat
 - Level 2.1 Spellcasting
 - Level 4.0 Transmutations
 - Level 2.0 Poison Magic


You had 7 spell levels left.
You knew the following spells:

 Your Spells              Type           Power        Failure   Level  Hunger
a - Beastly Appendage     Tmut           ##....       41%         1    #......
b - Sticks to Snakes      Tmut           ##......     54%         2    ###....
c - Spider Form           Tmut/Pois      ##........   88%         3    ###....

Your spell library contained the following spells:

 Spells                   Type           Power        Failure   Level  Hunger
 Confuse                  Hex            #.......     100%        3    ###....
 Summon Small Mammal      Summ           #...         92%         1    #......
 Summon Ice Beast         Ice/Summ       #.......     100%        4    #####..
 Call Imp                 Summ           #.......     98%         2    ###....
 Blade Hands              Tmut           ##........   100%        5    ######.
 Ice Form                 Ice/Tmut       #.......     100%        4    #####..
 Confusing Touch          Hex            #.....       92%         1    #......
 Call Canine Familiar     Summ           #.......     100%        3    ###....
 Metabolic Englaciation   Hex/Ice        #.........   100%        5    ######.
 Petrify                  Tmut/Erth      #.......     100%        4    #####..
 Summon Lightning Spire   Summ/Air       #.......     100%        4    #####..
 Summon Guardian Golem    Hex/Summ       #.......     100%        3    ###....
 Gell's Gravitas          Tloc           #.........   100%        3    ###....
 Yara's Violent Unravell  Hex/Tmut       #.........   100%        5    ######.


Dungeon Overview and Level Annotations

Branches:
Dungeon (8/15)             Temple (0/1) D:6            Lair (0/6) D:8

Altars:
Ashenzari
Dithmenos
Elyvilon
Gozag
Hepliaklqana
Okawaru
Qazlal
Ru
Sif Muna
Vehumet
Xom
Yredelemnul
Zin

Shops:
D:7 %


Innate Abilities, Weirdness & Mutations

You cannot be hasted, slowed, berserked, paralysed or teleported.
You can dig through walls and to a lower floor.
Your four strong arms can wield two-handed weapons with a shield.
You have a pair of large antennae on your head. (SInv)


Message History

You hit the death yak.
The death yak is moderately wounded.
You barely miss the death yak.
The death yak is moderately wounded.
The death yak gores you!
* * * LOW HITPOINT WARNING * * *
You hit the death yak but do no damage.
The death yak is moderately wounded.
You block the death yak's attack.
You hit the death yak but do no damage.
The death yak is moderately wounded.
The death yak barely misses you.
You barely miss the death yak.
The death yak is moderately wounded.
You block the death yak's attack.
You hit the death yak but do no damage.
The death yak is moderately wounded.
The death yak gores you!!
You die...
Your body crumbles into a pile of gold.

##.####
####8...8##.....###
##.....###
##.....##...###
...###...####8.....8#####
.### ####...##.....## ##
###.##8...8# #
####.....## ####
#8.....8# ###...
#.Y...#########...?.
#8.@.8##............
###>##########......
######## #......#
##.###.# ###....# #.....#
###### #####.# # #.# #
#.# # #.#


You could see a death yak.

Vanquished Creatures
  Grinder (D:6)
  2 hippogriffs
  Grum (D:8)
  A porcupine (D:8)
  An orc warrior (D:6)
  A sky beast (D:6)
  A black bear (D:6)
  2 ice beasts
  An ogre (D:8)
  An eye of draining (D:8)
  4 wolves (D:7)
  2 centaurs
  2 bullfrogs (D:8)
  3 scorpions
  4 howler monkeys
  A crimson imp (D:7)
  5 orc wizards
  4 orc priests
  A jelly (D:5)
  A centaur skeleton (D:7)
  2 iguanas
  4 worker ants
  A hound skeleton (D:8)
  4 gnolls (D:3)
  A river rat (D:8)
  3 adders
  A howler monkey skeleton (D:5)
  3 shadow imps
  An ooze (D:5)
  2 adder zombies
  An adder skeleton (D:4)
  A worm (D:2)
  2 dart slugs
  4 leopard geckos
  27 orcs
  2 ball pythons (D:3)
  2 giant cockroaches
  7 goblins
  10 hobgoblins
  7 jackals
  A quokka (D:7)
  13 bats
  5 frilled lizards
  A giant cockroach zombie (D:5)
  7 kobolds
  A leopard gecko zombie (D:5)
  2 quokka skeletons
  12 rats
166 creatures vanquished.

Vanquished Creatures (collateral kills)
  A water moccasin (D:7)
  An ogre (D:7)
  An adder (D:2)
3 creatures vanquished.

Grand Total: 169 creatures vanquished

Notes
Turn   | Place    | Note
-------+----------+-------------------------------------------
     0 | D:1      | sking99 the Formicid Transmuter began the quest for the Orb.
     0 | D:1      | Reached XP level 1. HP: 15/15 MP: 3/3
   462 | D:1      | Reached XP level 2. HP: 4/21 MP: 0/5
  1062 | D:1      | Reached XP level 3. HP: 27/27 MP: 6/6
  1176 | D:1      | Learned a level 2 spell: Sticks to Snakes
  1180 | D:1      | Learned a level 3 spell: Spider Form
  1914 | D:2      | Reached skill level 1 in Poison Magic
  2056 | D:2      | Found a shattered altar of Ashenzari.
  2084 | D:2      | Reached XP level 4. HP: 14/33 MP: 5/7
  2825 | D:2      | Found an opulent altar of Gozag.
  2992 | D:2      | Became a worshipper of Gozag Ym Sagoz the Greedy
  3074 | D:3      | Reached XP level 5. HP: 31/38 MP: 5/8
  3126 | D:3      | Reached skill level 4 in Unarmed Combat
  3307 | D:3      | Reached XP level 6. HP: 13/44 MP: 7/9
  3311 | D:3      | Reached skill level 5 in Unarmed Combat
  3348 | D:3      | HP: 1/44 [orc wizard/magic dart (7)]
  4222 | D:3      | Found a deep blue altar of Sif Muna.
  4320 | D:4      | HP: 1/44 [iguana (13)]
  4328 | D:4      | Reached skill level 6 in Unarmed Combat
  4328 | D:4      | Reached XP level 7. HP: 3/50 MP: 7/10
  4912 | D:4      | Found a hazy altar of Hepliaklqana.
  4983 | D:4      | Found a shimmering altar of Xom.
  4985 | D:4      | Found a shadowy altar of Dithmenos.
  4986 | D:4      | Found an iron altar of Okawaru.
  5190 | D:5      | Entered Level 5 of the Dungeon
  5283 | D:5      | Found a radiant altar of Vehumet.
  6106 | D:6      | Found a staircase to the Ecumenical Temple.
  6164 | D:6      | Reached skill level 7 in Unarmed Combat
  6164 | D:6      | Reached XP level 8. HP: 20/61 MP: 8/11
  6569 | D:6      | Noticed Grinder
  6580 | D:6      | Killed Grinder
  6580 | D:6      | Reached skill level 5 in Fighting
  7278 | D:7      | Found a basalt altar of Yredelemnul.
  7346 | D:7      | Noticed an angel
  7347 | D:7      | Found a glowing silver altar of Zin.
  7389 | D:7      | Noticed a hippogriff
  7401 | D:7      | Killed a hippogriff
  7404 | D:7      | Reached XP level 9. HP: 18/69 MP: 9/12
  7413 | D:7      | Reached skill level 8 in Unarmed Combat
  8456 | D:7      | Found a sacrificial altar of Ru.
  8460 | D:7      | Found a white marble altar of Elyvilon.
  8841 | D:8      | Noticed Grum
  8855 | D:7      | Reached skill level 1 in Shields
  9546 | D:8      | Noticed a death yak
  9578 | D:8      | Noticed a death yak
  9578 | D:8      | Noticed a death yak
  9794 | D:7      | Bought a ration for 60 gold pieces
  9794 | D:7      | Bought a ration for 60 gold pieces
  9794 | D:7      | Bought a ration for 60 gold pieces
  9794 | D:7      | Bought a ration for 60 gold pieces
  9794 | D:7      | Bought a ration for 60 gold pieces
  9873 | D:7      | Reached skill level 5 in Dodging
 10554 | D:8      | Killed Grum
 10645 | D:8      | Reached skill level 5 in Shields
 10771 | D:8      | Found a stormy altar of Qazlal.
 10813 | D:8      | Reached XP level 10. HP: 62/79 MP: 9/13
 11171 | D:8      | Found a staircase to the Lair.
 11215 | D:7      | Mangled by a death yak

Skill      XL: |  1  2  3  4  5  6  7  8  9 10 |
---------------+-------------------------------+-----
Fighting       | 2 4 6 7 |  7.0
Transmutations | 3 4 |  4.0
Poison Magic   | 1 2 |  2.0
Unarmed Combat | 4 6 7 8 |  8.0
Dodging        | 3 5 6 |  6.1
Shields        | 5 7 |  7.1
Spellcasting   | |  2.1

Action                   |  1- 3 |  4- 6 |  7- 9 | 10-12 || total
-------------------------+-------+-------+-------+-------++-------
Melee: Unarmed           |   143 |   173 |   337 |    52 ||   705
       Kick              |     3 |       |       |       ||     3
       Punch             |       |     3 |     5 |       ||     8
 Cast: Beastly Appendage |     6 |       |       |       ||     6
       Sticks to Snakes  |     5 |     1 |     6 |       ||    12
       Spider Form       |       |     7 |    20 |     1 ||    28
Invok: Call Merchant     |       |       |     1 |       ||     1
       Potion Petition   |       |       |       |     1 ||     1
 Abil: Dig               |     1 |     1 |       |       ||     2
  Use: Potion            |       |     2 |       |       ||     2
       Scroll            |       |       |    12 |       ||    12
 Stab: Sleeping          |     1 |     1 |       |       ||     2
       Invisible         |       |       |       |     2 ||     2
  Eat: Chunk             |     4 |     3 |       |       ||     7
       Ration            |       |     2 |     7 |       ||     9
Armor: Robe              |    44 |    18 |    14 |       ||    76
       Skin              |       |     6 |     7 |       ||    13
       Ring mail         |       |       |    18 |     5 ||    23
Dodge: Dodged            |   117 |   121 |   244 |    24 ||   506
Block: Large shield      |       |       |       |    11 ||    11
